 Dungeon Crawl Stone Soup version 0.21-a0-210-gbfa5647 (webtiles) character file.

100 Gorglomux the Skirmisher (level 4, -9/40 HPs)
             Began as a Hill Orc Abyssal Knight on Aug 21, 2017.
             Was a Believer of Lugonu.
             Mangled by Crazy Yiuf
             ... wielding a +3 quarterstaff of chaos
              (10 damage)
             ... on level 2 of the Dungeon.
             The game lasted 00:04:07 (3709 turns).

Gorglomux the Skirmisher (Hill Orc Abyssal Knight)  Turns: 3709, Time: 00:04:08

Health: -9/40      AC:  1    Str: 20    XL:     4   Next: 74%
Magic:  5/6        EV:  8    Int: 12    God:    Lugonu [**....]
Gold:   93         SH:  7    Dex: 10    Spells: 3/3 levels left

rFire    . . .     SeeInvis .   a - +1 hand axe
rCold    . . .     Gourm    .   n - +0 shield
rNeg     . . .     Faith    .   b - +0 leather armour
rPois    .         Spirit   .   (no helmet)
rElec    .         Reflect  .   (no cloak)
rCorr    .         Harm     .   (no gloves)
MR       .....                  (no boots)
Stlth    +.........             (no amulet)
HPRegen  0.13/turn              h - -2 ring of protection (curse)
MPRegen  0.10/turn              (no ring)

@: mighty, lethally poisoned (-9 -> -16)
A: no striking features
a: Depart the Abyss, Bend Space, Renounce Religion


You were on level 2 of the Dungeon.
You worshipped Lugonu.
Lugonu was pleased with you.
You were not hungry.

You visited 1 branch of the dungeon, and saw 3 of its levels.
You visited the Abyss 1 time.

You collected 93 gold pieces.

Inventory:

Hand Weapons
 a - a +1 hand axe (weapon)
Missiles
 D - 2 tomahawks (quivered)
Armour
 b - a +0 leather armour (worn)
 n - a +0 shield (worn)
Jewellery
 h - a cursed -2 ring of protection (left hand)
Scrolls
 d - a scroll of remove curse {unknown}
 l - 2 scrolls of identify {unknown}
 A - a scroll of enchant weapon {unknown}
 B - a scroll of blinking {unknown}
Potions
 i - a potion of heal wounds {unknown}
 j - a potion of might
 k - a potion of lignification {unknown}
 m - 2 potions of degeneration {unknown}
 E - a potion of curing {unknown}
Comestibles
 c - 2 bread rations
 g - a fruit
 z - a meat ration
 C - 2 chunks of flesh


   Skills:
 + Level 4.2 Fighting
 + Level 4.1 Axes
 + Level 3.2 Armour
 - Level 0.7 Dodging
 + Level 3.6 Invocations


You had 3 spell levels left.
You didn't know any spells.

Dungeon Overview and Level Annotations

Branches:
Dungeon (3/15)

Altars:

Annotations:
D:2 Crazy Yiuf
D:3 Terence


Message History

You barely miss Crazy Yiuf!
You butt Crazy Yiuf's attack!
Crazy Yiuf says, "Peeping!!!
Buddy broken sow!"
Crazy Yiuf barely misses you!
You carve Crazy Yiuf like a ham!
Crazy Yiuf is lightly wounded!
Crazy Yiuf hits you with a quarterstaff of chaos!!! * * * don't die
* * * You are lethally poisoned!!!
Unknown command!
Space bends around you!!!
You blink! * * * don't die
* * * You feel sick!
Some of the chunks of flesh in your inventory have rotted away!
Unknown command!
It was a potion of might!
You feel very mighty all of a sudden! * * * don't die
* * * You butt sick!
Butt Yiuf hits you with a quarterstaff of chaos!!! rip

############............#.#.#
.........#............###.#.#
########.#.#.#######..# #.#)#
#.#.#.#...# #..# #.#.#
#.#.#.#.#.###..# #.#(#
#.#†#.#.#.#.#..# #.#.#
#.#.#.#.#<#.#..###.#.##
#.#.#.#.#.#§.......((.#
#.#.....#@g...####.####
#.#...#.#.#....# #.#
########.#...#####.#.># #g#
.........#............# #.#
##########..######.##.# #.# #
#..# #.##.# #.# # #..# #.##.#
#.# # #### #.##.# #.#
######.##.###.#


You could see Crazy Yiuf.

Vanquished Creatures
  A gnoll (D:1)
  2 adders
  An ooze (D:3)
  2 worms
  2 dart slugs (D:1)
  A leopard gecko (D:2)
  2 orcs (D:3)
  A ball python (D:2)
  A giant cockroach (D:1)
  6 goblins
  6 hobgoblins
  7 jackals
  A quokka (D:2)
  2 bats (D:2)
  4 frilled lizards
  9 kobolds
  6 rats
54 creatures vanquished.

Notes
Turn   | Place    | Note
-------+----------+-------------------------------------------
     0 | Abyss:1  | Gorglomux the Hill Orc Abyssal Knight began the quest for the Orb.
     0 | Abyss:1  | Reached XP level 1. HP: 19/19 MP: 2/2
    82 | Abyss:1  | Noticed an insubstantial wisp
   107 | D:1      | Escaped the Abyss
   351 | D:2      | Reached skill level 3 in Axes
   385 | D:2      | Reached XP level 2. HP: 20/27 MP: 3/3
   752 | D:2      | Found a runed door.
   794 | D:2      | Reached ** piety under Lugonu
  1094 | D:1      | Reached XP level 3. HP: 30/33 MP: 4/4
  1787 | D:2      | Reached skill level 3 in Invocations
  2096 | D:2      | Reached skill level 3 in Armour
  2643 | D:2      | Reached XP level 4. HP: 40/40 MP: 6/6
  3282 | D:2      | Noticed Crazy Yiuf
  3685 | D:3      | Noticed Terence
  3708 | D:2      | HP: 2/40 [poisoned by Crazy Yiuf]
  3709 | D:2      | Mangled by Crazy Yiuf

Vault maps used:
D:1:      giann_bridges
D:2:      uniq_crazy_yiuf_cottage
D:3:      uniq_terence

Skill      XL: |  1  2  3  4 |
---------------+-------------+-----
Axes           | 3 4 |  4.1
Invocations    | 3 |  3.6
Armour         | 3 |  3.2
Fighting       | 4 |  4.2
Dodging        | |  0.7

Action                   |  1- 3 |  4- 6 || total
-------------------------+-------+-------++-------
Melee: Hand axe          |   109 |    49 ||   158
Throw: Tomahawk          |       |     3 ||     3
Invok: Bend Space        |       |     1 ||     1
  Use: Potion            |       |     1 ||     1
  Eat: Fruit             |     3 |       ||     3
       Chunk             |     1 |     5 ||     6
Armor: Leather armour    |    13 |     5 ||    18
Dodge: Dodged            |    62 |    18 ||    80
Block: Shield            |    30 |    17 ||    47

Table legend:
 A = Spawn XP
 B = Non-spawn XP
 C = Spawn XP percentage of total XP
 D = Spawn monster count
 E = Non-spawn monster count
 F = Spawn count percentage of total count
 G = Total turns spent on level
                    A         B        C        D         E        F      G
               +---------+---------+-------+---------+---------+-------+---------
         Total |      14 |     130 |   9.7 |       7 |      47 |  13.0 |  3709
               +---------+---------+-------+---------+---------+-------+---------
           D:1 |       8 |      32 |  20.0 |       3 |      11 |  21.4 |  1441
           D:2 |       6 |      64 |   8.6 |       4 |      29 |  12.1 |  1785
           D:3 |       0 |      34 |   0.0 |       0 |       7 |   0.0 |   376
               +---------+---------+-------+---------+---------+-------+---------
